 Dungeon Crawl Stone Soup version 0.30-a0-168-g0b976cbdc4 (webtiles) character file.

Game seed: 5874542955668578493

4959 qw the Cleaver (level 10, -6/64 HPs)
             Began as a Gargoyle Fighter on Sept 29, 2022.
             Mangled by an orc warrior
             ... wielding a +0 halberd
              (7 damage)
             ... on level 9 of the Dungeon.
             The game lasted 00:03:59 (9880 turns).

qw the Cleaver (Gargoyle Fighter)                   Turns: 9880, Time: 00:04:00

Health: -6/64      AC: 28    Str: 24    XL:     10   Next: 53%
Magic:  10/10      EV:  6    Int:  9    God:
Gold:   114        SH: 10    Dex:  9    Spells: 9/9 levels left

rFire   + . .      SeeInvis .    Y - +2 war axe (chaos)
rCold   + . .      Faith    .    l - +0 kite shield
rNeg    + + .      Spirit   .    c - +0 plate armour
rPois   inf        Reflect  .    e - +0 helmet
rElec   +          Harm     .    a - +0 cloak
rCorr   .          Rampage  .    i - +1 pair of gloves
Will    .....                    j - +0 pair of boots
Stlth   ..........               r - amulet "Derhogiv" {Acrobat rElec rF+}
HPRegen 0.20/turn                m - ring of positive energy
MPRegen 0.12/turn                (no ring)

@: no status effects
A: sickness immunity, AC +7, negative energy resistance 1, electricity
resistance, torment resistance 1, petrification resistance, iridescent scales 1,
cold resistance 1, subdued magic 1
a: no special abilities


You were on level 9 of the Dungeon.
You visited 1 branch of the dungeon, and saw 9 of its levels.
You also visited: Ossuary.

You collected 622 gold pieces.
You spent 508 gold pieces at shops.


Innate Abilities, Weirdness & Mutations

You are immune to sickness and miasma.
Your stone body is resilient. (AC +7)
You are immune to poison.
You resist negative energy. (rN+)
You are resistant to electric shocks. (rElec)
You are resistant to unholy torment.
You are immune to petrification.
You are partially covered in iridescent scales. (AC +2)
Your flesh is cold resistant. (rC+)
Your spells are a little easier to cast, but a little less powerful.


   Skills:
 - Level 7.7 Fighting
 - Level 9.2 Axes
 - Level 7.3 Armour
 - Level 1.2 Dodging
 + Level 8.9 Shields


You had 9 spell levels left.
You didn't know any spells.
Your spell library was empty.

Inventory:

Hand Weapons
 n - a +0 flail
 Y - a +2 war axe of chaos (weapon)
Armour
 a - a +0 cloak (worn)
 c - a +0 plate armour (worn)
 e - a +0 helmet (worn)
 i - a +1 pair of gloves (worn)
 j - a +0 pair of boots (worn)
 k - the +5 leather armour "Quer" {Harm Will+ rCorr}
   (You found it on level 9 of the Dungeon)

   rCorr:     It protects you from acid and corrosion.
   Harm:      It increases damage dealt and taken.
   Will:      It increases your willpower.
 l - a +0 kite shield (worn)
 x - +0 acid dragon scales
Jewellery
 m - a ring of positive energy (left hand)
 r - the amulet "Derhogiv" (around neck) {Acrobat rElec rF+}
   (You bought it in a shop on level 4 of the Dungeon)

   [amulet of the acrobat]

   It increases your evasion while moving and waiting.
   rF:        It protects you from fire.
   rElec:     It insulates you from electricity.
 u - an amulet of guardian spirit
Scrolls
 b - 3 scrolls of teleportation
 q - 6 scrolls of identify
Potions
 d - 4 potions of might
 f - 3 potions of lignification
 g - a potion of resistance
 h - 2 potions of attraction
 o - 4 potions of mutation
 v - a potion of haste
 w - a potion of curing

Dungeon Overview and Level Annotations

Branches:
Dungeon (9/15)             Temple (0/1) D:6         Ossuary (visited)
   Lair: D:8-11         Orc: D:9-12

Altars:
Ashenzari
Cheibriados
Dithmenos
Hepliaklqana
Makhleb
Yredelemnul
Zin
The Shining One

Shops:
D:4 *   D:5 =   D:8 !

Annotations:
D:7 2 runed translucent doors, Crazy Yiuf


Message History

Deactivating autopickup; reactivate with Ctrl-A.
Something hits you but does no damage. Something hits you but does no damage.
You slash the orc!
You kill the orc!
You miss something. You block something's attack. Something hits you!
The orc hits you but does no damage.
You hit the orc but do no damage. You closely miss something.
Something hits you but does no damage. You block the orc's attack.
You barely miss the orc. You miss something. You block something's attack.
You block the orc's attack.
You barely miss the orc. You closely miss something.
You block something's attack. The orc hits you but does no damage.
You closely miss the orc. You hit something but do no damage.
Something hits you but does no damage. You block the orc's attack.
Something hits you but does no damage.
You hit the orc.
You kill the orc!
You miss something. You block something's attack. Something hits you!!
You hit something but do no damage.
Nothing appears to happen.
Something hits you but does no damage.
You closely miss something. Something hits you but does no damage.
Something hits you!
You hit something but do no damage. Something hits you but does no damage.
Something hits you!
You closely miss something. Something hits you!
Something hits you but does no damage.
You slash something!
Nothing appears to happen.
Something hits you but does no damage.
You hit something but do no damage.
Nothing appears to happen.
Something hits you.
You hit something but do no damage. You block something's attack. x2
You hit something but do no damage. Something hits you!
You hit something but do no damage. Something hits you!
You die...

#######..%#...#
#.........#...#
#.........#...#
#.........#...#
#.........#...#
#.........#...#
#...#.....#...#
#...#.....#
#......{@.#
#.......))....#
#.......[.....#
..####........#
.. .........#
..........#
...........#
.......#....#


There were no monsters in sight!

Vanquished Creatures
  Erica (D:8)
  A death yak (D:8)
  Maurice (D:8)
  Maggie (D:8)
  2 hornets
  A wyvern (D:8)
  A steam dragon (D:9)
  An orc warrior (D:7)
  3 black bears
  An ogre (D:5)
  A phantom (D:4)
  A kobold brigand (D:7)
  An elf zombie (Ossuary)
  3 necrophages
  A bullfrog (D:8)
  2 scorpions
  6 killer bees (D:8)
  An electric eel (D:9)
  4 howler monkeys
  3 hounds
  6 jellies
  A human zombie (Ossuary)
  2 orc priests
  Ijyb (D:3)
  Terence (D:3)
  7 orc wizards
  Natasha (thrice) (D:3)
  2 iguanas
  2 hell rats
  A hound zombie (Ossuary)
  4 mummies (Ossuary)
  4 adders
  A shadow imp (D:7)
  2 white imps (D:7)
  An ufetubus (D:5)
  2 adder zombies (Ossuary)
  3 worms
  A dart slug (D:3)
  21 orcs
  9 bats
  20 endoplasms
  3 giant cockroaches
  A gnoll zombie (Ossuary)
  7 hobgoblins
  2 jackals (D:1)
  20 kobolds
  5 quokkas
  8 ball pythons
  4 frilled lizards
  10 goblins
  2 goblin zombies (Ossuary)
  A hobgoblin zombie (Ossuary)
  2 kobold zombies (Ossuary)
  6 rats
  A rat zombie (Ossuary)
202 creatures vanquished.

Vanquished Creatures (others)
  2 fungi (D:3)
  8 plants (D:5)
  9 toadstools (D:3)
19 creatures vanquished.

Grand Total: 221 creatures vanquished

Notes
Turn   | Place    | Note
-------+----------+-------------------------------------------
     0 | D:1      | qw the Gargoyle Fighter began the quest for the Orb.
     0 | D:1      | Reached XP level 1. HP: 14/14 MP: 1/1
     0 | D:1      | 0 ||| qw: Version: 0.2-a-12-gaebbb33
     0 | D:1      | 0 ||| qw: Game counter: 1219
     0 | D:1      | 0 ||| qw: Always use a shield: true
     0 | D:1      | 0 ||| qw: God list: Okawaru
     0 | D:1      | 0 ||| qw: Allow faded altars: false
     0 | D:1      | 0 ||| qw: Do Orc after D:15 true
     0 | D:1      | 0 ||| qw: Do second Lair branch before Depths: true
     0 | D:1      | 0 ||| qw: Lair rune preference: random
     0 | D:1      | 0 ||| qw: Plans: Normal, Zot:1-4, God:TSO, Crypt, Tomb,
                  | Pan, Slime:5, Hells, Abyss, Orb
     0 | D:1      | 0 ||| PLANNING D:1-11
    76 | D:1      | Reached skill level 2 in Axes
   199 | D:1      | Reached XP level 2. HP: 19/19 MP: 2/2
   229 | D:1      | 229 ||| Stepping ~*~*~tactically~*~*~ (stealth).
   238 | D:1      | 238 ||| Stepping ~*~*~tactically~*~*~ (stealth).
   249 | D:1      | 249 ||| Stepping ~*~*~tactically~*~*~ (stealth).
   251 | D:1      | 251 ||| Stepping ~*~*~tactically~*~*~ (stealth).
   426 | D:1      | Reached skill level 3 in Axes
   430 | D:1      | Reached XP level 3. HP: 20/23 MP: 3/3
   518 | D:1      | 518 ||| DROPPING +0 club.
   549 | D:1      | Found a faded altar of an unknown god.
   660 | D:1      | 660 ||| UPGRADING to +0 chain mail.
   670 | D:1      | 670 ||| DROPPING +0 scale mail.
   671 | D:1      | 671 ||| UPGRADING to +0 pair of boots.
   676 | D:1      | 676 ||| READING scroll labelled ISULEUM AXEDE.
   777 | D:1      | 777 ||| READING scroll labelled KAWNIA ASO ENE.
   778 | D:1      | 778 ||| READING scroll labelled SINIRIRIQI.
   779 | D:1      | 779 ||| READING scroll labelled JIUMIO BEUM.
   782 | D:1      | 782 ||| READING scroll labelled OJELEMYRGHA.
   783 | D:1      | 783 ||| DRINKING 2 grey potions.
  1360 | D:2      | 1360 ||| UPGRADING to +0 pair of gloves.
  1365 | D:2      | 1365 ||| UPGRADING to amulet of guardian spirit.
  1370 | D:2      | 1370 ||| UPGRADING to ring of positive energy.
  1371 | D:2      | 1371 ||| READING scroll labelled YCUIQUXZIH.
  1372 | D:2      | 1372 ||| READING scroll labelled PYBOVA QIFEGEI.
  1373 | D:2      | 1373 ||| READING scroll labelled SAOLLA XOUFOUD.
  1408 | D:3      | Reached XP level 4. HP: 28/28 MP: 4/4
  1484 | D:3      | Noticed Terence
  1485 | D:3      | 1485 ||| Stepping ~*~*~tactically~*~*~ (stealth).
  1516 | D:3      | 1516 ||| Stepping ~*~*~tactically~*~*~ (stealth).
  1517 | D:3      | 1517 ||| Stepping ~*~*~tactically~*~*~ (stealth).
  1518 | D:3      | 1518 ||| Stepping ~*~*~tactically~*~*~ (stealth).
  1520 | D:3      | 1520 ||| Stepping ~*~*~tactically~*~*~ (stealth).
  1526 | D:3      | Killed Terence
  1527 | D:3      | Reached skill level 4 in Axes
  1531 | D:3      | 1531 ||| Stepping ~*~*~tactically~*~*~ (stealth).
  1562 | D:3      | 1562 ||| FLEEEEING.
  1563 | D:3      | 1563 ||| FLEEEEING.
  1568 | D:3      | 1568 ||| FLEEEEING.
  1569 | D:3      | 1569 ||| FLEEEEING.
  1570 | D:3      | 1570 ||| FLEEEEING.
  1571 | D:3      | 1571 ||| FLEEEEING.
  1573 | D:3      | 1573 ||| FLEEEEING.
  1574 | D:3      | 1574 ||| FLEEEEING.
  1575 | D:3      | 1575 ||| FLEEEEING.
  1576 | D:3      | 1576 ||| FLEEEEING.
  1577 | D:3      | 1577 ||| FLEEEEING.
  1578 | D:3      | 1578 ||| FLEEEEING.
  1579 | D:3      | 1579 ||| FLEEEEING.
  1580 | D:3      | 1580 ||| FLEEEEING.
  1581 | D:3      | 1581 ||| FLEEEEING.
  1582 | D:3      | 1582 ||| FLEEEEING.
  1583 | D:3      | 1583 ||| FLEEEEING.
  1584 | D:3      | 1584 ||| FLEEEEING.
  1585 | D:3      | 1585 ||| FLEEEEING.
  1586 | D:3      | 1586 ||| FLEEEEING.
  1587 | D:3      | 1587 ||| FLEEEEING.
  1588 | D:3      | 1588 ||| FLEEEEING.
  1589 | D:3      | 1589 ||| FLEEEEING.
  1590 | D:3      | 1590 ||| FLEEEEING.
  1591 | D:3      | 1591 ||| FLEEEEING.
  1592 | D:3      | 1592 ||| FLEEEEING.
  1593 | D:3      | 1593 ||| FLEEEEING.
  1594 | D:3      | 1594 ||| FLEEEEING.
  1595 | D:3      | 1595 ||| FLEEEEING.
  1596 | D:3      | 1596 ||| FLEEEEING.
  1597 | D:3      | 1597 ||| FLEEEEING.
  1598 | D:3      | 1598 ||| STAIRDANCE
  1722 | D:2      | 1722 ||| DROPPING +0 whip.
  1723 | D:2      | 1723 ||| READING scroll labelled DETUDWOCOO.
  1743 | D:3      | Noticed Ijyb
  1744 | D:3      | 1744 ||| Stepping ~*~*~tactically~*~*~ (hiding).
  1746 | D:3      | 1746 ||| Stepping ~*~*~tactically~*~*~ (hiding).
  1748 | D:3      | 1748 ||| Stepping ~*~*~tactically~*~*~ (hiding).
  1757 | D:3      | Killed Ijyb
  1758 | D:3      | Reached XP level 5. HP: 26/32 MP: 5/5
  1812 | D:3      | Noticed Natasha
  1813 | D:3      | 1813 ||| Stepping ~*~*~tactically~*~*~ (hiding).
  1821 | D:3      | Killed Natasha
  1999 | D:3      | 1999 ||| Stepping ~*~*~tactically~*~*~ (stealth).
  2000 | D:3      | 2000 ||| Stepping ~*~*~tactically~*~*~ (stealth).
  2002 | D:3      | 2002 ||| Stepping ~*~*~tactically~*~*~ (stealth).
  2010 | D:3      | 2010 ||| Stepping ~*~*~tactically~*~*~ (stealth).
  2015 | D:3      | Reached skill level 5 in Axes
  2031 | D:3      | 2031 ||| Stepping ~*~*~tactically~*~*~ (hiding).
  2032 | D:3      | 2032 ||| Stepping ~*~*~tactically~*~*~ (hiding).
  2033 | D:3      | 2033 ||| Stepping ~*~*~tactically~*~*~ (hiding).
  2183 | D:3      | Noticed Natasha
  2184 | D:3      | 2184 ||| Stepping ~*~*~tactically~*~*~ (stealth).
  2198 | D:3      | Killed Natasha
  2292 | D:3      | Noticed Natasha
  2293 | D:3      | 2293 ||| Stepping ~*~*~tactically~*~*~ (stealth).
  2306 | D:3      | Killed Natasha
  2488 | D:3      | Reached XP level 6. HP: 32/38 MP: 4/6
  2703 | D:3      | Found a burning altar of Makhleb.
  2708 | D:3      | Found a shadowy altar of Dithmenos.
  2716 | D:3      | Found a broken altar of Ashenzari.
  2735 | D:3      | Found a snail-covered altar of Cheibriados.
  2735 | D:3      | Found a glowing silver altar of Zin.
  2837 | D:3      | 2837 ||| UPGRADING to +0 kite shield.
  2847 | D:3      | 2847 ||| DROPPING +0 buckler.
  2848 | D:3      | 2848 ||| DRINKING 2 red potions.
  2930 | D:4      | 2930 ||| Stepping ~*~*~tactically~*~*~ (stealth).
  2934 | D:4      | Reached XP level 7. HP: 43/43 MP: 7/7
  2950 | D:4      | 2950 ||| Stepping ~*~*~tactically~*~*~ (stealth).
  2965 | D:4      | 2965 ||| Stepping ~*~*~tactically~*~*~ (stealth).
  2971 | D:4      | 2971 ||| Stepping ~*~*~tactically~*~*~ (stealth).
  2979 | D:4      | 2979 ||| Stepping ~*~*~tactically~*~*~ (stealth).
  2981 | D:4      | 2981 ||| Stepping ~*~*~tactically~*~*~ (stealth).
  3001 | D:4      | 3001 ||| Stepping ~*~*~tactically~*~*~ (stealth).
  3002 | D:4      | 3002 ||| Stepping ~*~*~tactically~*~*~ (stealth).
  3003 | D:4      | 3003 ||| Stepping ~*~*~tactically~*~*~ (stealth).
  3016 | D:4      | 3016 ||| Stepping ~*~*~tactically~*~*~ (stealth).
  3668 | D:4      | Found Mucezin's Assorted Antiques.
  3671 | D:4      | 3671 ||| BUYING scroll labelled PAFIEZI QOTURCH (19 gold).
  3671 | D:4      | Bought a scroll labelled PAFIEZI QOTURCH for 19 gold pieces
  3671 | D:4      | 3671 ||| BUYING sedimented black potion (17 gold).
  3671 | D:4      | Bought a sedimented black potion for 17 gold pieces
  3671 | D:4      | 3671 ||| BUYING warped ruby amulet (95 gold).
  3671 | D:4      | Bought a warped ruby amulet for 95 gold pieces
  3671 | D:4      | Identified the amulet "Derhogiv" {Acrobat rElec rF+} (You
                  | bought it in a shop on level 4 of the Dungeon)
  3671 | D:4      | 3671 ||| UPGRADING to +0 plate armour.
  3681 | D:4      | 3681 ||| DROPPING +0 chain mail.
  3682 | D:4      | 3682 ||| UPGRADING to amulet "Derhogiv" {Acrobat rElec
                  | rF+}.
  3692 | D:4      | 3692 ||| READING scroll labelled YCWENUA KAEM.
  3693 | D:4      | 3693 ||| READING 2 scrolls labelled PAFIEZI QOTURCH.
  3694 | D:4      | 3694 ||| DRINKING 2 sedimented black potions.
  3694 | D:4      | Gained mutation: Your spells are a little easier to cast,
                  | but a little less powerful. [potion of mutation]
  3694 | D:4      | Gained mutation: You are partially covered in iridescent
                  | scales. (AC +2) [potion of mutation]
  3694 | D:4      | Gained mutation: Your flesh is cold resistant. (rC+)
                  | [potion of mutation]
  3745 | D:5      | Entered Level 5 of the Dungeon
  3746 | D:5      | 3746 ||| STAIRDANCE
  3810 | D:5      | 3810 ||| DRINKING 2 potions of curing.
  3810 | D:5      | 3810 ||| (to cure confusion)
  3827 | D:5      | Reached skill level 6 in Axes
  3940 | D:5      | Reached skill level 6 in Shields
  4222 | D:5      | 4222 ||| Stepping ~*~*~tactically~*~*~ (stealth).
  4228 | D:5      | Reached XP level 8. HP: 25/48 MP: 8/8
  4464 | D:5      | Found Voge's One-of-a-Kind Rings.
  4470 | D:5      | 4470 ||| SHOPLISTING +5 ring of evasion (550 gold, have
                  | 68).
  4470 | D:5      | 4470 ||| SHOPLISTING +7 ring of slaying (1726 gold, have
                  | 68).
  4470 | D:5      | 4470 ||| SHOPLISTING +9 ring of dexterity (780 gold, have
                  | 68).
  4470 | D:5      | 4470 ||| SHOPLISTING ring "Eply" {Fire Int+4} (404 gold,
                  | have 68).
  4470 | D:5      | 4470 ||| SHOPLISTING ring "Horph" {rF+ rC+ rN+ Dex+2} (452
                  | gold, have 68).
  4470 | D:5      | 4470 ||| SHOPLISTING ring of Lesser Demons {Ice rElec rN+
                  | Dex+6 Slay-2} (474 gold, have 68).
  4626 | D:5      | 4626 ||| DRINKING 2 potions of curing.
  4626 | D:5      | 4626 ||| (to cure confusion)
  4627 | D:5      | 4627 ||| FLEEEEING.
  4628 | D:5      | 4628 ||| FLEEEEING.
  4639 | D:5      | 4639 ||| FLEEEEING.
  4640 | D:5      | 4640 ||| FLEEEEING.
  4642 | D:5      | 4642 ||| FLEEEEING.
  4643 | D:5      | 4643 ||| FLEEEEING.
  4648 | D:5      | 4648 ||| FLEEEEING.
  4649 | D:5      | 4649 ||| FLEEEEING.
  4650 | D:5      | 4650 ||| FLEEEEING.
  4655 | D:5      | 4655 ||| FLEEEEING.
  4656 | D:5      | 4656 ||| FLEEEEING.
  4657 | D:5      | 4657 ||| FLEEEEING.
  4658 | D:5      | 4658 ||| FLEEEEING.
  4659 | D:5      | 4659 ||| FLEEEEING.
  4660 | D:5      | 4660 ||| FLEEEEING.
  4661 | D:5      | 4661 ||| FLEEEEING.
  4667 | D:5      | 4667 ||| FLEEEEING.
  4668 | D:5      | 4668 ||| FLEEEEING.
  4669 | D:5      | 4669 ||| FLEEEEING.
  4670 | D:5      | 4670 ||| FLEEEEING.
  4831 | D:5      | 4831 ||| Stepping ~*~*~tactically~*~*~ (stealth).
  4838 | D:5      | 4838 ||| DRINKING potion of curing.
  4838 | D:5      | 4838 ||| (to cure confusion)
  4850 | D:5      | Reached skill level 7 in Axes
  4986 | D:5      | 4986 ||| READING scroll labelled URUESI VIUM SIUNA.
  4987 | D:5      | 4987 ||| DRINKING 3 amethyst potions.
  4988 | D:5      | 4988 ||| READING 4 scrolls of identify.
  4988 | D:5      | 4988 ||| IDENTIFYING sedimented coppery potion
  4989 | D:5      | 4989 ||| READING 3 scrolls of identify.
  4989 | D:5      | 4989 ||| IDENTIFYING green potion
  4990 | D:5      | 4990 ||| DROPPING potion of flight.
  4991 | D:5      | 4991 ||| DROPPING potion of degeneration.
  5218 | D:6      | Identified the +4 ring mail of Defence {Regen+ Str+2 Dex-3}
  5284 | D:6      | Found a staircase to the Ecumenical Temple.
  5904 | D:6      | 5904 ||| UPGRADING to +0 helmet.
  5909 | D:6      | 5909 ||| READING scroll labelled DOTIEDW GESE.
  5910 | D:6      | 5910 ||| READING 3 scrolls of identify.
  5910 | D:6      | 5910 ||| IDENTIFYING black potion
  5911 | D:6      | 5911 ||| READING 2 scrolls of identify.
  5911 | D:6      | 5911 ||| IDENTIFYING clear potion
  5912 | D:6      | 5912 ||| DROPPING potion of berserk rage.
  5913 | D:6      | 5913 ||| DROPPING potion of magic.
  5959 | D:7      | 5959 ||| PLANNING OSSUARY
  5965 | D:7      | 5965 ||| STAIRDANCE
  5971 | D:7      | 5971 ||| STAIRDANCE
  6011 | D:7      | Reached skill level 1 in Dodging
  6049 | D:7      | 6049 ||| FLEEEEING.
  6067 | D:7      | 6067 ||| Stepping ~*~*~tactically~*~*~ (hiding).
  6112 | D:7      | 6112 ||| READING scroll of brand weapon.
  6112 | D:7      | 6112 ||| BRANDING +1 vorpal war axe.
  6113 | D:7      | 6113 ||| DROPPING +0 flail.
  6115 | D:7      | Found a hazy altar of Hepliaklqana.
  6119 | D:7      | 6119 ||| READING scroll of brand weapon.
  6119 | D:7      | 6119 ||| BRANDING +1 war axe of flaming.
  6199 | D:7      | Found a runed translucent door.
  6203 | D:7      | Found a basalt altar of Yredelemnul.
  6259 | D:7      | Reached XP level 9. HP: 27/54 MP: 9/9
  6450 | D:7      | Found a sand-covered staircase.
  6451 | D:7      | 6451 ||| DROPPING +0 club.
  6452 | D:7      | 6452 ||| DROPPING amulet of faith.
  6459 | Ossuary  | Entered an ossuary
  6610 | Ossuary  | Reached skill level 8 in Axes
  6624 | Ossuary  | Identified the +0 robe of Dishonesty {Regen+ Int+4 Slay+3
                  | SInv}
  6710 | Ossuary  | 6710 ||| DRINKING 2 smoky sapphire potions.
  6747 | D:7      | 6747 ||| PLANNING D:1-11
  6897 | D:7      | Found a runed translucent door.
  6898 | D:7      | Noticed Crazy Yiuf
  7071 | D:7      | 7071 ||| Stepping ~*~*~tactically~*~*~ (hiding).
  7072 | D:7      | 7072 ||| Stepping ~*~*~tactically~*~*~ (hiding).
  7487 | D:8      | Found a glowing golden altar of the Shining One.
  7613 | D:8      | Noticed Erica
  7614 | D:8      | 7614 ||| Stepping ~*~*~tactically~*~*~ (hiding).
  7637 | D:8      | Killed Erica
  7774 | D:8      | Found Zunugh's Distillery.
  7777 | D:8      | 7777 ||| BUYING 2 potions of heal wounds (130 gold).
  7777 | D:8      | Bought 2 potions of heal wounds for 130 gold pieces
  7777 | D:8      | 7777 ||| BUYING 2 potions of mutation (208 gold).
  7777 | D:8      | Bought 2 potions of mutation for 208 gold pieces
  7777 | D:8      | 7777 ||| SHOPLISTING potion of cancellation (104 gold, have
                  | 42).
  7777 | D:8      | 7777 ||| BUYING potion of curing (39 gold).
  7777 | D:8      | Bought a potion of curing for 39 gold pieces
  7777 | D:8      | 7777 ||| SHOPLISTING potion of curing (39 gold, have 3).
  7777 | D:8      | 7777 ||| SHOPLISTING potion of heal wounds (65 gold, have
                  | 3).
  7777 | D:8      | 7777 ||| SHOPLISTING potion of lignification (39 gold, have
                  | 3).
  7844 | D:8      | Noticed Maurice
  7865 | D:8      | 7865 ||| DRINKING potion of curing.
  7865 | D:8      | 7865 ||| (to cure confusion)
  7890 | D:8      | HP: 11/58 [something (7)]
  7897 | D:8      | HP: 6/58 [something (3)]
  7899 | D:8      | 7899 ||| READING 5 scrolls of teleportation.
  7900 | D:8      | 7900 ||| DRINKING 2 potions of heal wounds.
  7908 | D:8      | Killed Maurice
  8287 | D:8      | Noticed Maggie
  8310 | D:8      | HP: 13/58 [Maggie/+1 long sword of flaming (7)]
  8311 | D:8      | 8311 ||| READING 4 scrolls of teleportation.
  8311 | D:8      | Killed Maggie
  8315 | D:8      | 8315 ||| READING 3 scrolls of teleportation.
  8316 | D:8      | 8316 ||| DRINKING potion of heal wounds.
  8320 | D:8      | Reached XP level 10. HP: 27/64 MP: 10/10
  8532 | D:8      | Reached skill level 9 in Axes
  8805 | D:8      | 8805 ||| Stepping ~*~*~tactically~*~*~ (stealth).
  8806 | D:8      | 8806 ||| Stepping ~*~*~tactically~*~*~ (stealth).
  8811 | D:8      | 8811 ||| Stepping ~*~*~tactically~*~*~ (stealth).
  8813 | D:8      | 8813 ||| Stepping ~*~*~tactically~*~*~ (stealth).
  8819 | D:8      | Reached skill level 6 in Armour
  8918 | D:8      | 8918 ||| UPGRADING to +0 cloak.
  8923 | D:8      | 8923 ||| READING scroll labelled XAEFAVV MOJAIDGH.
  8983 | D:8      | 8983 ||| READING scroll labelled GOLOSM DYLONOU.
  8984 | D:8      | 8984 ||| READING scroll labelled PISIEK GYOL.
  8985 | D:8      | 8985 ||| READING 7 scrolls of identify.
  8985 | D:8      | 8985 ||| IDENTIFYING fuming puce potion
  8986 | D:8      | 8986 ||| READING 6 scrolls of identify.
  8986 | D:8      | 8986 ||| IDENTIFYING fuming coppery potion
  8987 | D:8      | 8987 ||| DROPPING potion of invisibility.
  9027 | D:9      | Noticed a death yak
  9032 | D:9      | 9032 ||| STAIRDANCE
  9037 | D:9      | Noticed a death yak
  9038 | D:9      | 9038 ||| STAIRDANCE
  9048 | D:8      | HP: 13/64 [death yak (17)]
  9049 | D:8      | 9049 ||| READING 3 scrolls of teleportation.
  9052 | D:8      | Killed a death yak
  9231 | D:8      | 9231 ||| Stepping ~*~*~tactically~*~*~ (stealth).
  9232 | D:8      | 9232 ||| Stepping ~*~*~tactically~*~*~ (stealth).
  9462 | D:9      | Identified the +5 leather armour "Quer" {Harm Will+ rCorr}
  9749 | D:9      | 9749 ||| READING scroll of enchant armour.
  9749 | D:9      | 9749 ||| ENCHANTING +0 pair of gloves.
  9781 | D:9      | 9781 ||| READING scroll of enchant weapon.
  9781 | D:9      | 9781 ||| ENCHANTING +1 war axe of chaos.
  9875 | D:9      | HP: 12/64 [something (13)]
  9879 | D:9      | HP: 1/64 [something (8)]
  9880 | D:9      | Mangled by an orc warrior

Levels and vault maps discovered:
D:1:      scummos_arrival_forest, layout_rooms,
          hellmonk_ecumenical_altar_dog_temple, minmay_pentomino_v2
D:2:      layout_basic
D:3:      cheibrodos_fertilizer, layout_basic, grunt_temple_overflow_open,
          uniq_terence, uniq_natasha, uniq_ijyb
D:4:      layout_loops_ring, serial_shops, kennysheep_mini, minmay_ruptured
D:5:      layout_loops_cross, serial_bayou_lagoon_a, st_stairs_10,
          nicolae_shop_unique_rings
D:6:      layout_cave_pods, minmay_temple_entry_from_below_a
D:7:      layout_cave_pods, mainiacjoe_overflow_catwalk, dk_yredelemnul_ordeal,
          enter_ossuary_3, dk_rats_in_the_wall, uniq_crazy_yiuf_cottage
D:8:      layout_loops_corners, lemuel_tele_altar, serial_shops,
          nicolae_shop_behind_doors, uniq_erica, uniq_maurice, uniq_maggie
D:9:      layout_stronghold, mainiacjoe_overflow_divided_tiny,
          dpeg_lair_monsters, zombieorc1_lemuel, minmay_crystal_water

Skill      XL: |  1  2  3  4  5  6  7  8  9 10 |
---------------+-------------------------------+-----
Axes           | 2 3 4 5 6 7 8 9 |  9.2
Fighting       | 4 5 7 |  7.7
Shields        | 4 6 7 8 |  8.9
Armour         | 4 5 7 |  7.3
Dodging        | 1 |  1.2

Action                   |  1- 3 |  4- 6 |  7- 9 | 10-12 || total
-------------------------+-------+-------+-------+-------++-------
Melee: War axe           |   136 |   148 |   348 |   138 ||   770
Throw: Boomerang         |       |       |     6 |       ||     6
  Use: Scroll            |     8 |     1 |    13 |     8 ||    30
       Potion            |     1 |     1 |     9 |       ||    11
 Stab: Petrifying        |       |       |     1 |       ||     1
       Paralysed         |       |       |       |     1 ||     1
Armor: Scale mail        |    30 |       |       |       ||    30
       Chain mail        |    38 |    94 |    20 |       ||   152
       Plate armour      |       |       |   295 |    72 ||   367
Dodge: Dodged            |    72 |    43 |    84 |    37 ||   236
Block: Buckler           |    37 |    17 |       |       ||    54
       Kite shield       |       |     8 |   170 |    75 ||   253

Table legend:
 A = Non-vault XP
 B = Vault XP
 C = Vault XP percentage of total XP
 D = Non-vault monster count
 E = Vault monster count
 F = Vault count percentage of total count
                 A         B        C        D         E       F
            +---------+---------+-------+---------+---------+-------
      Total |    3737 |    3348 |  47.3 |     148 |      54 |  26.7
            +---------+---------+-------+---------+---------+-------
        D:1 |      40 |       7 |  14.9 |      25 |       4 |  13.8
        D:2 |      31 |       0 |   0.0 |      20 |       0 |   0.0
        D:3 |     120 |     266 |  68.9 |      21 |      21 |  50.0
        D:4 |     391 |      17 |   4.2 |      14 |       3 |  17.6
        D:5 |     474 |     211 |  30.8 |      14 |       2 |  12.5
        D:6 |     345 |       0 |   0.0 |      10 |       0 |   0.0
        D:7 |     593 |       0 |   0.0 |      17 |       0 |   0.0
        D:8 |    1188 |    2558 |  68.3 |      18 |       6 |  25.0
        D:9 |     555 |      38 |   6.4 |       9 |       2 |  18.2
    Ossuary |       0 |     251 | 100.0 |       0 |      16 | 100.0
            +---------+---------+-------+---------+---------+-------
